[Event "ICC tourney 2532 (25 5)"]
[Site "Internet Chess Club"]
[Date "2021.04.25"]
[Round "5"]
[White "BHOWMIK, AKASH:K12-14722632"]
[Black "CYRIL DAVIS, GEOFFREY:K12-14879788"]
[Result "0-1"]
[ICCResult "White forfeits on time"]
[WhiteElo "1736"]
[BlackElo "2082"]
[Opening "Queen's pawn: London system"]
[ECO "A45"]
[NIC "QP.07"]
[Time "11:02:05"]
[PlyCount "52"]
[TimeControl "1500+5"]

1. d4 Nf6 2. Bf4 c6 3. e3 g5 4. Bg3 Qb6 5. b3 d6 6. Bc4 h5 7. h4 Ne4 8.
hxg5 Nxg3 9. fxg3 Qa5+ 10. Nd2 Qxg5 11. Qf3 d5 12. Be2 e5 13. Nh3 Qg7 14.
dxe5 Qxe5 15. O-O Be6 16. Kh1 Nd7 17. e4 h4 18. g4 Bd6 19. Qf4 O-O-O 20.
Qxe5 Bxe5 21. exd5 Bxd5 22. Rad1 Rdg8 23. Bc4 Nb6 24. Bxd5 Nxd5 25. Nc4 Bc7
26. Rxf7 Rxg4 { White forfeits on time } 0-1

[Event "ICC tourney 2532 (25 5)"]
[Site "Internet Chess Club"]
[Date "2021.04.25"]
[Round "5"]
[White "VENKATESH NATARAJAN, ARAVINTH:K12-17300200"]
[Black "BONAM, SAIGAUTAM:K12-14765995"]
[Result "1-0"]
[ICCResult "Black resigns"]
[WhiteElo "1824"]
[BlackElo "2193"]
[Opening "Caro-Kann: classical, Spassky variation"]
[ECO "B19"]
[NIC "CK.12"]
[Time "11:01:30"]
[PlyCount "55"]
[TimeControl "1500+5"]

1. e4 c6 2. d4 d5 3. Nc3 dxe4 4. Nxe4 Bf5 5. Ng3 Bg6 6. h4 h6 7. Nf3 Nd7 8.
h5 Bh7 9. Bd3 Bxd3 10. Qxd3 e6 11. Bd2 Ngf6 12. O-O-O Be7 13. Kb1 O-O 14.
Ne4 Nxe4 15. Qxe4 Nf6 16. Qe2 Qd5 17. g4 Qe4 18. Be3 Nxg4 19. Nd2 Qf5 20.
Rhg1 Nxe3 21. fxe3 Kh8 22. Rdf1 Qh7 23. Nc4 Rad8 24. Ne5 Kg8 25. Qg4 Bg5
26. Nxf7 Bf6 27. Nxd8 Bxd8 28. Qxe6+ { Black resigns } 1-0

[Event "ICC tourney 2532 (25 5)"]
[Site "Internet Chess Club"]
[Date "2021.04.25"]
[Round "5"]
[White "WOLFSON, BRIAN:K12-14879271"]
[Black "DHAR, SUMIT:K12-15188271"]
[Result "1-0"]
[ICCResult "Black forfeits on time"]
[WhiteElo "1838"]
[BlackElo "2167"]
[Opening "King's Indian: fianchetto, classical variation, 8.e4"]
[ECO "E68"]
[NIC "KI.64"]
[Time "11:02:05"]
[PlyCount "65"]
[TimeControl "1500+5"]

1. Nf3 Nf6 2. g3 g6 3. Bg2 Bg7 4. O-O O-O 5. d4 d6 6. c4 Nbd7 7. Nc3 e5 8.
e4 exd4 9. Nxd4 Re8 10. f4 Nc5 11. Re1 c6 12. Nb3 Bg4 13. Qd2 Nxb3 14. axb3
Qb6+ 15. Qf2 Qxb3 16. h3 Be6 17. Be3 c5 18. Nb5 Red8 19. Nc7 Rac8 20. Nxe6
fxe6 21. Rxa7 Ra8 22. Rxa8 Rxa8 23. e5 dxe5 24. Bxc5 exf4 25. Qxf4 Qxb2 26.
Rxe6 Nh5 27. Qe3 h6 28. Rxg6 Qb1+ 29. Kh2 Qxg6 30. Bd5+ Kh8 31. Bxb7 Ra2+
32. Bg2 Rc2 33. Qb3 { Black forfeits on time } 1-0

[Event "ICC tourney 2532 (25 5)"]
[Site "Internet Chess Club"]
[Date "2021.04.25"]
[Round "5"]
[White "BHALOO, ADAM:K12-15234397"]
[Black "EISENMAN, KATHERINE:K12-15352585"]
[Result "1-0"]
[ICCResult "Black resigns"]
[WhiteElo "899"]
[BlackElo "1557"]
[Opening "QGD Slav: 4.Nc3"]
[ECO "D15"]
[NIC "SL.03"]
[Time "11:02:25"]
[PlyCount "107"]
[TimeControl "1500+5"]

1. d4 d5 2. c4 c6 3. Nc3 Nf6 4. Nf3 Bg4 5. e3 e6 6. Bd3 Bd6 7. h3 Bh5 8. g4
Bg6 9. Bxg6 hxg6 10. b3 Nxg4 11. Qc2 Nd7 12. c5 Bc7 13. b4 Qe7 14. e4 O-O-O
15. b5 Nb8 16. Bg5 f6 17. Bd2 Rde8 18. Rb1 a6 19. bxa6 Nxa6 20. Qb2 Ba5 21.
Na4 Bxd2+ 22. Nxd2 Ref8 23. f3 Nh6 24. Rg1 g5 25. a3 Nf7 26. Rg3 Nd8 27.
Nb6+ Kb8 28. a4 f5 29. e5 f4 30. Rg2 Rxh3 31. a5 Rh1+ 32. Ke2 Rxb1 33. Qxb1
Rh8 34. Qg6 Rh6 35. Qxg5 Qxg5 36. Rxg5 g6 37. Rg4 Rh2+ 38. Kd3 Nb4+ 39. Kc3
Na2+ 40. Kc2 Nb4+ 41. Kb3 Rxd2 42. Kxb4 Rxd4+ 43. Kc3 Rd1 44. Rxf4 Rg1 45.
Rf6 Rg3 46. Nd7+ Kc7 47. Nb6 g5 48. Kd4 g4 49. fxg4 Rxg4+ 50. Kc3 Re4 51.
Na8+ Kb8 52. Nb6 Rxe5 53. Nd7+ Kc7 54. Nxe5 { Black resigns } 1-0

[Event "ICC tourney 2532 (25 5)"]
[Site "Internet Chess Club"]
[Date "2021.04.25"]
[Round "5"]
[White "MANTA, JAUSS:K12-16474385"]
[Black "HELLER, JACK:K12-15613715"]
[Result "1-0"]
[ICCResult "Black checkmated"]
[WhiteElo "1160"]
[BlackElo "1927"]
[Opening "Queen's pawn game"]
[ECO "A46"]
[NIC "QP.05"]
[Time "11:01:46"]
[PlyCount "97"]
[TimeControl "1500+5"]

1. d4 Nf6 2. Nf3 e6 3. Bf4 Be7 4. e3 O-O 5. Bd3 b6 6. c3 Bb7 7. O-O Nh5 8.
Bg3 Nxg3 9. hxg3 d5 10. Nbd2 c5 11. Ne5 Nd7 12. Nxd7 Qxd7 13. Qc2 g6 14. f4
Bf6 15. g4 Rac8 16. g5 Bg7 17. Nf3 Qe7 18. g4 f6 19. gxf6 Rxf6 20. g5 Rf7
21. Qh2 cxd4 22. cxd4 Qb4 23. Rac1 Qa5 24. Rxc8+ Bxc8 25. a3 Ba6 26. Bxa6
Qxa6 27. Kf2 Qd3 28. Rh1 Bh8 29. Rc1 Qa6 30. Rc6 Re7 31. Qh3 Qb7 32. Rxe6
Qd7 33. f5 Rf7 34. fxg6 Re7 35. gxh7+ Rxh7 36. Qf5 Rf7 37. Qg6+ Bg7 38. Kg3
Kh8 39. Ne5 Bxe5+ 40. dxe5 a5 41. Rf6 Rxf6 42. exf6 Qd6+ 43. Kf3 Qd7 44.
Qh5+ Kg8 45. f7+ Kf8 46. g6 Ke7 47. g7 d4 48. f8=Q+ Ke6 49. Qhf5# { Black
checkmated } 1-0

[Event "ICC tourney 2532 (25 5)"]
[Site "Internet Chess Club"]
[Date "2021.04.25"]
[Round "5"]
[White "GINZBURG, LIORA:K12-16587703"]
[Black "DOMMALAPATI, AASA:K12-13778456"]
[Result "0-1"]
[ICCResult "White checkmated"]
[WhiteElo "1523"]
[BlackElo "1997"]
[Opening "King's Indian: Petrosian system, Stein variation"]
[ECO "E92"]
[NIC "KI.17"]
[Time "11:01:46"]
[PlyCount "84"]
[TimeControl "1500+5"]

1. Nf3 Nf6 2. d4 g6 3. c4 Bg7 4. Nc3 O-O 5. e4 d6 6. Be2 e5 7. d5 a5 8. O-O
Na6 9. Ne1 Nc5 10. f3 Ne8 11. Nd3 f5 12. Nxc5 dxc5 13. Be3 b6 14. Rc1 f4
15. Bf2 g5 16. h3 h5 17. Nb1 Rf7 18. Nd2 Nf6 19. Re1 Bf8 20. Nf1 Rg7 21.
Nh2 g4 22. hxg4 hxg4 23. Bh4 g3 24. Ng4 Bxg4 25. fxg4 Rh7 26. Bxf6 Qxf6 27.
Bf3 Rd8 28. Kf1 c6 29. Ke2 cxd5 30. cxd5 b5 31. Qb3 Qb6 32. Qc3 c4 33. a3
b4 34. Qxc4 Rc7 35. Qb3 Qf2+ 36. Kd3 Rxc1 37. d6+ Kg7 38. Rxc1 Qe3+ 39. Kc4
Qxc1+ 40. Kb5 Rb8+ 41. Ka4 Qc6+ 42. Kxa5 Qb5# { White checkmated } 0-1

[Event "ICC tourney 2532 (25 5)"]
[Site "Internet Chess Club"]
[Date "2021.04.25"]
[Round "5"]
[White "ARMIN DONG, CONNOR:K12-14608563"]
[Black "LIU, LEONARDO:K12-14879663"]
[Result "1-0"]
[ICCResult "Black resigns"]
[WhiteElo "1676"]
[BlackElo "2042"]
[Opening "Sicilian: Alapin's variation (2.c3)"]
[ECO "B22"]
[NIC "SI.46"]
[Time "11:02:25"]
[PlyCount "77"]
[TimeControl "1500+5"]

1. e4 c5 2. c3 d5 3. exd5 Qxd5 4. d4 cxd4 5. cxd4 Nc6 6. Be3 e6 7. Nf3 Nf6
8. Bd3 Bb4+ 9. Nc3 O-O 10. O-O Bxc3 11. bxc3 h6 12. Re1 Bd7 13. Qd2 Ng4 14.
Bf4 f5 15. h3 Nf6 16. Ne5 Nxe5 17. Rxe5 Qc6 18. Rc5 Qa4 19. Rb1 b6 20. Rb4
Qa3 21. Rb3 Qa4 22. Rb4 bxc5 23. Rxa4 Bxa4 24. dxc5 Bc6 25. Bd6 Rfd8 26.
Bc4 Kf7 27. Qe2 Re8 28. Bb5 Rac8 29. Bxc6 Rxc6 30. Qb5 Rec8 31. Qb7+ Kg8
32. Qxa7 Ne8 33. Qd7 Nxd6 34. cxd6 e5 35. Qe7 Rxc3 36. d7 Rc1+ 37. Kh2 R1c2
38. dxc8=Q+ Rxc8 39. Qe6+ { Black resigns } 1-0

[Event "ICC tourney 2532 (25 5)"]
[Site "Internet Chess Club"]
[Date "2021.04.25"]
[Round "5"]
[White "SAMUEL PLATNICK, ELIJAH:K12-15208013"]
[Black "KAZUO SLOWIK, DYLAN:K12-14697884"]
[Result "0-1"]
[ICCResult "White checkmated"]
[WhiteElo "2015"]
[BlackElo "1769"]
[Opening "Sicilian: closed, 2...Nc6"]
[ECO "B23"]
[NIC "SI.44"]
[Time "11:01:20"]
[PlyCount "62"]
[TimeControl "1500+5"]

1. e4 c5 2. Nc3 Nc6 3. Bb5 g6 4. Bxc6 bxc6 5. d3 Bg7 6. f4 Nf6 7. Nf3 O-O
8. O-O d5 9. Qe1 e6 10. b3 dxe4 11. Ne5 exd3 12. cxd3 Nd5 13. Ba3 Nb4 14.
Bxb4 cxb4 15. Ne4 Qd4+ 16. Kh1 f5 17. Ng5 c5 18. Qh4 h6 19. Ngf3 Qd8 20.
Qg3 Qe8 21. Rac1 Bb7 22. Nxg6 Rf7 23. Nfe5 Bxe5 24. Ne7+ Kh7 25. Qg6+ Kh8
26. fxe5 Qxe7 27. d4 cxd4 28. Rf2 Rg8 29. Qh5 Qg5 30. Qh3 Qxc1+ 31. Rf1
Qxf1# { White checkmated } 0-1

[Event "ICC tourney 2532 (25 5)"]
[Site "Internet Chess Club"]
[Date "2021.04.25"]
[Round "5"]
[White "R SOMASUNDARAM, ARUN:K12-16330722"]
[Black "RAFAEL SANTOS, ENERIO:K12-16804573"]
[Result "1-0"]
[ICCResult "Black resigns"]
[WhiteElo "1002"]
[BlackElo "443"]
[Opening "Queen's bishop game"]
[ECO "D00"]
[NIC "QP.08"]
[Time "11:01:14"]
[PlyCount "89"]
[TimeControl "1500+5"]

1. d4 d5 2. Bf4 Nf6 3. Nf3 Bg4 4. Nbd2 Ne4 5. Nxe4 dxe4 6. Ne5 Qd6 7. Nxg4
Qxf4 8. e3 Qd6 9. f3 exf3 10. Qxf3 Qb4+ 11. c3 Qxb2 12. Rd1 c6 13. e4 Nd7
14. Bc4 e6 15. O-O O-O-O 16. Qxf7 Qxc3 17. Bxe6 Bb4 18. Ne5 Qe3+ 19. Kh1
Qg5 20. Bxd7+ Kc7 21. Bxc6+ Qe7 22. Qxe7+ Bxe7 23. Ba4 Kb8 24. Nf7 Rxd4 25.
Rxd4 Rf8 26. Bb3 Bf6 27. Rxf6 gxf6 28. Rd8+ Rxd8 29. Nxd8 Kc7 30. Ne6+ Kd6
31. Kg1 Ke5 32. Nc5 b6 33. Nd7+ Kxe4 34. Nxf6+ Kd4 35. Nxh7 a5 36. g4 b5
37. g5 a4 38. Bxa4 bxa4 39. g6 Kc3 40. g7 Kb2 41. g8=Q a3 42. Ng5 Kc3 43.
h4 Kb4 44. h5 Ka4 45. h6 { Black resigns } 1-0

[Event "ICC tourney 2532 (25 5)"]
[Site "Internet Chess Club"]
[Date "2021.04.25"]
[Round "5"]
[White "KARDAVA, DANIIL:K12-15961344"]
[Black "HELLER, HARRY:K12-15613721"]
[Result "1-0"]
[ICCResult "Black resigns"]
[WhiteElo "1226"]
[BlackElo "1820"]
[Opening "Scotch gambit: Dubois-Réti defense"]
[ECO "C55"]
[NIC "KP.02"]
[Time "11:01:42"]
[PlyCount "117"]
[TimeControl "1500+5"]

1. e4 e5 2. Nf3 Nc6 3. d4 exd4 4. Bc4 Nf6 5. e5 d5 6. Bb5 Ne4 7. Nxd4 Bd7
8. Bxc6 bxc6 9. O-O Bc5 10. Be3 O-O 11. Nd2 Qe7 12. Nxe4 dxe4 13. Qh5 Rfe8
14. f4 exf3 15. Qxf3 Qxe5 16. Qxf7+ Kh8 17. Rf3 Rf8 18. Qxd7 Rxf3 19. Nxf3
Qxe3+ 20. Kh1 Rf8 21. Qxc6 h6 22. h3 Qf2 23. Ne5 Rf6 24. Qxc7 Bd6 25. Nf7+
Rxf7 26. Qxd6 Qxc2 27. Re1 Kh7 28. Qe6 Rf2 29. Qe4+ Qxe4 30. Rxe4 Rxb2 31.
Ra4 Rb7 32. Kh2 h5 33. h4 Kh6 34. Kh3 g6 35. g3 Re7 36. Ra6 Rc7 37. a4 Kg7
38. a5 Kh7 39. Rd6 Rg7 40. a6 Kg8 41. g4 Kf8 42. Rd5 hxg4+ 43. Kxg4 Ke7 44.
Rb5 Kd6 45. Kg5 Kc6 46. Kf6 Rd7 47. Rb7 Rd6+ 48. Kg5 Re6 49. Rxa7 Kb6 50.
Rg7 Re5+ 51. Kxg6 Kxa6 52. h5 Re1 53. h6 Rg1+ 54. Kf7 Rf1+ 55. Kg8 Rb1 56.
h7 Rb8+ 57. Kf7 Rh8 58. Kg6 Rc8 59. Rf7 { Black resigns } 1-0

[Event "ICC tourney 2532 (25 5)"]
[Site "Internet Chess Club"]
[Date "2021.04.25"]
[Round "5"]
[White "BHAVIKATTI, NEIL:K12-14919064"]
[Black "M ZHANG, ERIC:K12-14668426"]
[Result "1-0"]
[ICCResult "Black forfeits on time"]
[WhiteElo "2118"]
[BlackElo "2204"]
[Opening "Queen's pawn: London system"]
[ECO "A45"]
[NIC "QP.07"]
[Time "11:02:25"]
[PlyCount "81"]
[TimeControl "1500+5"]

1. d4 Nf6 2. Bf4 c5 3. e3 d5 4. Nf3 Nc6 5. Nbd2 Bf5 6. c3 e6 7. Ne5 Nxe5 8.
Bxe5 c4 9. Be2 b5 10. O-O Be7 11. g4 Bg6 12. f4 h6 13. Bxf6 Bxf6 14. Nf3
O-O 15. Ne5 Bxe5 16. dxe5 Be4 17. Bf3 Bd3 18. Be2 Qb6 19. Bxd3 Qxe3+ 20.
Kh1 cxd3 21. Rf3 Qe4 22. Qxd3 f5 23. Rg1 Rac8 24. g5 hxg5 25. Rxg5 Rc4 26.
Qxe4 dxe4 27. Re3 b4 28. cxb4 Rxb4 29. b3 Rd4 30. Re2 Rd3 31. Kg2 Rc8 32.
Rg3 Rd1 33. b4 Rcc1 34. Ra3 Rg1+ 35. Kh3 Rcf1 36. Rg2 Rxg2 37. Kxg2 Rxf4
38. Rxa7 e3 39. Ra3 Re4 40. Kf1 e2+ 41. Ke1 { Black forfeits on time } 1-0

[Event "ICC tourney 2532 (25 5)"]
[Site "Internet Chess Club"]
[Date "2021.04.25"]
[Round "5"]
[White "CHUNG, CHRISTOPHER:K12-16687538"]
[Black "B LANCMAN, KYLE:K12-15146021"]
[Result "1-0"]
[ICCResult "Black resigns"]
[WhiteElo "1732"]
[BlackElo "2049"]
[Opening "Sicilian: Smith-Morra gambit"]
[ECO "B21"]
[NIC "SI.47"]
[Time "11:02:25"]
[PlyCount "109"]
[TimeControl "1500+5"]

1. e4 c5 2. d4 cxd4 3. c3 Nf6 4. e5 Nd5 5. cxd4 d6 6. Nf3 Nc6 7. Bc4 Nb6 8.
Bb3 dxe5 9. dxe5 Qxd1+ 10. Bxd1 g6 11. O-O Bg7 12. Re1 O-O 13. Nc3 Be6 14.
h3 Rad8 15. Bf4 h6 16. Rc1 Nd5 17. Nxd5 Bxd5 18. a3 e6 19. Nh2 g5 20. Bg3
Nd4 21. Ng4 Rc8 22. Rxc8 Rxc8 23. f4 Rc1 24. fxg5 hxg5 25. Ba4 Ne2+ 26. Kh2
Rxe1 27. Bxe1 Nf4 28. g3 Nd3 29. Bc3 Nc5 30. Bc2 Ne4 31. Bd4 Nd2 32. Bxa7
Nf3+ 33. Kg2 Ne1+ 34. Kf2 Nxc2 35. Ke2 Na1 36. Kd3 Nb3 37. Bb6 Kf8 38. a4
Ke7 39. Kc3 Kd7 40. Be3 Kc6 41. Bxg5 Nc5 42. Kd4 Nxa4 43. Bh6 Bh8 44. Bg5
Nxb2 45. Bf6 Bxf6 46. Nxf6 b5 47. h4 Bf3 48. g4 Nd1 49. h5 b4 50. h6 b3 51.
h7 b2 52. h8=Q Kb7 53. Qh7 Bd5 54. Nxd5 exd5 55. Qb1 { Black resigns } 1-0

[Event "ICC tourney 2532 (25 5)"]
[Site "Internet Chess Club"]
[Date "2021.04.25"]
[Round "5"]
[White "GUNDAM, ROHIT:K12-14908373"]
[Black "J ZHANG, ERIC:K12-16995898"]
[Result "1-0"]
[ICCResult "Black resigns"]
[WhiteElo "2190"]
[BlackElo "1809"]
[Opening "King's Indian defense, 3.Nc3"]
[ECO "E61"]
[NIC "KI.80"]
[Time "11:01:29"]
[PlyCount "105"]
[TimeControl "1500+5"]

1. d4 Nf6 2. c4 g6 3. Nc3 Bg7 4. Nf3 O-O 5. Bg5 c5 6. e3 h6 7. Bh4 g5 8.
Bg3 Qa5 9. Nd2 cxd4 10. Nb3 Qf5 11. Bd3 Qe6 12. Nxd4 Qb6 13. h4 g4 14. Nf5
Nc6 15. O-O e6 16. Nxg7 Kxg7 17. Bd6 Rg8 18. a3 Kh8 19. b4 Ne8 20. Bf4 Qd8
21. b5 Na5 22. Bxh6 Qf6 23. Bg5 Qxc3 24. Rc1 Qg7 25. Qxg4 f5 26. Qe2 Nb3
27. Rcd1 Nc5 28. e4 d6 29. Rfe1 b6 30. exf5 exf5 31. Qh5+ Qh7 32. Qf3 Bb7
33. Qxf5 Nxd3 34. Qxh7+ Kxh7 35. Rxd3 Rg7 36. Re6 Rc8 37. Rde3 Nc7 38. Re7
Rg8 39. Bf6 Rxe7 40. Rxe7+ Kg6 41. Rxc7 Bxg2 42. Kxg2 Kxf6+ 43. Kf3 Rh8 44.
Kg4 Rg8+ 45. Kh3 Kf5 46. Rxa7 Kf4 47. Rf7+ Ke5 48. Rb7 Ra8 49. Rxb6 Rxa3+
50. Kg2 Rc3 51. Rc6 Rc2 52. b6 Rb2 53. h5 { Black resigns } 1-0

[Event "ICC tourney 2532 (25 5)"]
[Site "Internet Chess Club"]
[Date "2021.04.25"]
[Round "5"]
[White "DYLAN HUDSON, QUINN:K12-14347301"]
[Black "MCCOY, OWEN:K12-14447115"]
[Result "0-1"]
[ICCResult "White forfeits on time"]
[WhiteElo "2141"]
[BlackElo "2251"]
[Opening "English opening"]
[ECO "A05"]
[NIC "QP.11"]
[Time "11:01:18"]
[PlyCount "98"]
[TimeControl "1500+5"]

1. Nf3 Nf6 2. c4 g6 3. Nc3 Bg7 4. g3 O-O 5. Bg2 d6 6. O-O Nc6 7. Rb1 e5 8.
b4 Nd7 9. Nd5 Ne7 10. d4 Nxd5 11. cxd5 Nb6 12. dxe5 dxe5 13. Bb2 Re8 14. e4
Bd7 15. Qe2 f6 16. Rfd1 Bf8 17. Bc1 Ba4 18. Re1 a6 19. Be3 Bb5 20. Qc2 Na4
21. Bh3 Bd6 22. Nd2 c6 23. Be6+ Kh8 24. Nc4 cxd5 25. Nxd6 Qxd6 26. Bxd5
Rac8 27. Qd2 Nc3 28. Rb3 Nxd5 29. exd5 Red8 30. Rc3 Rxc3 31. Qxc3 Qxd5 32.
Qc5 Qd7 33. Bh6 Bc6 34. Qb6 Re8 35. f3 Kg8 36. Qe3 Kf7 37. Qb3+ Qd5 38.
Qxd5+ Bxd5 39. f4 exf4 40. Rxe8 Kxe8 41. Bxf4 Bxa2 42. Kf2 Bd5 43. Ke3 Kd7
44. Kd4 Bc6 45. Kc5 Ke6 46. Bc7 h6 47. Bf4 g5 48. Bd6 Bf3 49. Bf8 h5 {
White forfeits on time } 0-1

[Event "ICC tourney 2532 (25 5)"]
[Site "Internet Chess Club"]
[Date "2021.04.25"]
[Round "5"]
[White "PULLABHOTLA, VENKATA:K12-15472194"]
[Black "CLASBY, DEREK:K12-15194211"]
[Result "1/2-1/2"]
[ICCResult "Game drawn by mutual agreement"]
[WhiteElo "2153"]
[BlackElo "2286"]
[Opening "Giuoco Piano"]
[ECO "C50"]
[NIC "IG.02"]
[Time "11:01:31"]
[PlyCount "113"]
[TimeControl "1500+5"]

1. e4 e5 2. Bc4 Nc6 3. Nf3 Bc5 4. O-O Nf6 5. d4 Bxd4 6. Nxd4 Nxd4 7. f4 d6
8. fxe5 dxe5 9. Bg5 Be6 10. Na3 Qe7 11. c3 Nc6 12. Bxf6 gxf6 13. Qf3 Bxc4
14. Nxc4 Qc5+ 15. Ne3 f5 16. exf5 O-O-O 17. Rad1 f6 18. Kh1 Ne7 19. Qe4 h5
20. a4 Rxd1 21. Rxd1 Rd8 22. Rxd8+ Kxd8 23. Qd3+ Qd6 24. Qxd6+ cxd6 25. c4
Ke8 26. h3 Kf7 27. Kh2 h4 28. g3 hxg3+ 29. Kxg3 Kg7 30. Kg4 Nc6 31. Nd5 Na5
32. Ne3 Nb3 33. Nd5 Nd2 34. Ne3 a5 35. Kh5 Ne4 36. Nd5 Kf7 37. h4 Nc5 38.
Nc3 Kg7 39. Kg4 Kh6 40. Kf3 Kh5 41. Kg3 Nd3 42. Ne4 Nxb2 43. Nxd6 b6 44.
Ne4 Nxa4 45. Nxf6+ Kh6 46. Ng4+ Kg7 47. Nxe5 Nc5 48. Kf4 a4 49. Nc6 a3 50.
Nd4 Kf6 51. Nc2 a2 52. Na1 Na4 53. Ke4 Nb2 54. Kd4 Na4 55. Ke4 Nc5+ 56. Kd5
Kxf5 57. Kc6 { Game drawn by mutual agreement } 1/2-1/2

[Event "ICC tourney 2532 (25 5)"]
[Site "Internet Chess Club"]
[Date "2021.04.25"]
[Round "5"]
[White "KARP, RICHARD:K12-15130704"]
[Black "KUMARAPPAN, GANESH:K12-14920281"]
[Result "0-1"]
[ICCResult "White checkmated"]
[WhiteElo "1633"]
[BlackElo "2004"]
[Opening "Nimzovich-Larsen attack: Indian variation"]
[ECO "A01"]
[NIC "VO.08"]
[Time "11:20:29"]
[PlyCount "114"]
[TimeControl "1500+5"]

1. b3 Nf6 2. Bb2 e6 3. Nf3 c5 4. e3 Nc6 5. d4 cxd4 6. Nxd4 Be7 7. Nd2 O-O
8. Be2 d5 9. O-O Qc7 10. c4 Bd7 11. cxd5 Nxd5 12. Rc1 Rac8 13. Nc4 Rfd8 14.
Bf3 Nf6 15. Qe2 Qb8 16. Rfd1 a6 17. h3 Nb4 18. a3 Nbd5 19. Nd2 e5 20. Nc2
Bb5 21. Nc4 e4 22. Bg4 Nxg4 23. hxg4 Bf6 24. Nd4 Rc5 25. Nf5 g6 26. Bxf6
Nxf6 27. Ng3 Rxd1+ 28. Qxd1 Rd5 29. Qc2 Qd8 30. Nxe4 Nxg4 31. g3 f5 32.
Ned2 Bxc4 33. Nxc4 b5 34. Nb2 Rd2 35. Rd1 Rxc2 36. Rxd8+ Kg7 37. Nd1 Ra2
38. f3 Ne5 39. f4 Nf3+ 40. Kf1 Nd2+ 41. Ke2 Nxb3+ 42. Kd3 Rd2+ 43. Kc3 Rxd8
44. Kxb3 Rxd1 45. Kb4 Rd3 46. e4 fxe4 47. g4 Kf6 48. f5 gxf5 49. g5+ Kxg5
50. a4 bxa4 51. Kc4 a3 52. Kb4 a5+ 53. Kc4 a2 54. Kb5 a1=Q 55. Kc4 Qc3+ 56.
Kb5 Rd5+ 57. Ka4 Qb4# { White checkmated } 0-1

[Event "ICC tourney 2532 (25 5)"]
[Site "Internet Chess Club"]
[Date "2021.04.25"]
[Round "5"]
[White "RAPARTHI, ANKIT:K12-14686010"]
[Black "WERNER CHASIN, NICO:K12-14955471"]
[Result "1/2-1/2"]
[ICCResult "Game drawn by mutual agreement"]
[WhiteElo "2033"]
[BlackElo "2392"]
[Opening "Réti opening"]
[ECO "A05"]
[NIC "QP.11"]
[Time "11:01:34"]
[PlyCount "144"]
[TimeControl "1500+5"]

1. Nf3 Nf6 2. g3 c5 3. c4 Nc6 4. d4 cxd4 5. Nxd4 e5 6. Nb5 Bc5 7. Nd6+ Ke7
8. Nxc8+ Rxc8 9. Bg2 h6 10. Nc3 Re8 11. O-O Kf8 12. a3 Na5 13. Nd5 Nxc4 14.
Nxf6 Qxf6 15. Qxd7 Nd6 16. Be3 Red8 17. Qg4 Bxe3 18. fxe3 Qg5 19. Qxg5 hxg5
20. Rac1 b6 21. Bh3 Rc5 22. b4 Rc4 23. Rxc4 Nxc4 24. Be6 Nd6 25. Bd5 Rc8
26. a4 e4 27. h4 gxh4 28. gxh4 Ke7 29. Kf2 f5 30. Rg1 Ne8 31. Rg6 Rd8 32.
Be6 Nd6 33. Bd5 Kf8 34. h5 Nc8 35. h6 gxh6 36. Rf6+ Kg7 37. Rxf5 Nd6 38.
Re5 Rd7 39. Bxe4 Kf6 40. Bc6 Rc7 41. Rh5 Rxc6 42. Rxh6+ Kg7 43. Rh4 Rc4 44.
Rf4 Rxf4+ 45. exf4 Kf6 46. Ke3 Ke6 47. Kd4 Nf5+ 48. Kc4 a6 49. a5 Nd6+ 50.
Kd4 Nf5+ 51. Kc4 Nd6+ 52. Kd4 bxa5 53. bxa5 Nb7 54. e4 Kd6 55. e5+ Kc6 56.
f5 Nxa5 57. f6 Nb3+ 58. Kc4 Nc5 59. f7 Ne6 60. Kb4 Nf8 61. Ka5 Kb7 62. Kb4
Kb6 63. Kc4 Kc6 64. Kb4 Ne6 65. Ka5 Kb7 66. Kb4 Kb6 67. Kc4 Kc6 68. Kb4 Kb7
69. Ka5 Nf8 70. Kb4 Kc6 71. Ka5 Kb7 72. Kb4 Kb6 { Game drawn by mutual
agreement } 1/2-1/2

[Event "ICC tourney 2532 (25 5)"]
[Site "Internet Chess Club"]
[Date "2021.04.25"]
[Round "5"]
[White "XU, JAYDEN:K12-15918365"]
[Black "POLLARD, VAIDEN:K12-14600991"]
[Result "1/2-1/2"]
[ICCResult "Game drawn because neither player has mating material"]
[WhiteElo "1773"]
[BlackElo "1156"]
[Opening "QGD Slav: 5.e3 (Alekhine variation)"]
[ECO "D15"]
[NIC "SL.03"]
[Time "11:01:47"]
[PlyCount "132"]
[TimeControl "1500+5"]

1. d4 d5 2. c4 c6 3. Nf3 Nf6 4. Nc3 dxc4 5. e3 b5 6. a4 Qb6 7. axb5 cxb5 8.
Ne5 Bf5 9. Qf3 Bc8 10. Qxa8 a6 11. Be2 e6 12. O-O Bd6 13. Qf3 Bb7 14. Qg3
O-O 15. f4 Nc6 16. Bf3 Ne7 17. Bxb7 Qxb7 18. Qf3 Qb6 19. g4 Rd8 20. Bd2
Nfd5 21. Be1 f6 22. Bh4 Bb4 23. Nxd5 exd5 24. g5 fxe5 25. fxe5 Ng6 26. Qf7+
Kh8 27. Be1 Be7 28. Ba5 Qb8 29. Bxd8 Qxd8 30. Rxa6 Bxg5 31. Rf3 Be7 32.
Rxg6 hxg6 33. Rh3+ Bh4 34. Qxg6 Kg8 35. Qg4 Be7 36. Rg3 g5 37. h4 Kf8 38.
hxg5 Ke8 39. Qh5+ Kd7 40. g6 Qg8 41. Qf5+ Kd8 42. Qf7 Qxf7 43. gxf7 Bf8 44.
Rf3 Kd7 45. Kf2 Ke6 46. Ke2 b4 47. Kd2 Ke7 48. Kc2 Ke6 49. b3 c3 50. Kd3
Ke7 51. e4 dxe4+ 52. Kxe4 c2 53. Rf1 Bh6 54. d5 c1=Q 55. Rxc1 Bxc1 56. e6
Bh6 57. Kf5 Bf8 58. Ke4 Kd6 59. Kd4 Ke7 60. Kc4 Kd6 61. Kd4 Be7 62. Kc4 Bf8
63. Kxb4 Kxd5+ 64. Ka5 Kxe6 65. b4 Bxb4+ 66. Kxb4 Kxf7 { Game drawn because
neither player has mating material } 1/2-1/2

[Event "ICC tourney 2532 (25 5)"]
[Site "Internet Chess Club"]
[Date "2021.04.25"]
[Round "5"]
[White "EDMUND MICHIGAN, JOHNATHAN:K12-16974541"]
[Black "TSYGANOVA, MARGARITA:K12-15922341"]
[Result "1-0"]
[ICCResult "Black forfeits on time"]
[WhiteElo "1054"]
[BlackElo "1616"]
[Opening "French defense"]
[ECO "C00"]
[NIC "FR.01"]
[Time "11:02:21"]
[PlyCount "97"]
[TimeControl "1500+5"]

1. e4 e6 2. Nf3 d5 3. exd5 exd5 4. d4 Nf6 5. Bf4 Bd6 6. Bxd6 Qxd6 7. Nc3 c6
8. Bd3 O-O 9. O-O Bg4 10. h3 Bh5 11. Re1 Na6 12. Bxa6 bxa6 13. a3 Rfe8 14.
Qd3 Rab8 15. b4 Qf4 16. Nd2 Bg6 17. Ne2 Qh6 18. Qc3 Re6 19. Ng3 Rbe8 20.
Kf1 Qf4 21. Rxe6 Rxe6 22. Re1 Rxe1+ 23. Kxe1 Qd6 24. Nb3 h5 25. Na5 h4 26.
Ne2 Ne4 27. Qxc6 Qh2 28. Qc8+ Kh7 29. Kf1 Qh1+ 30. Ng1 Nd2+ 31. Ke2 Qxg1
32. Kxd2 Qxf2+ 33. Kc1 Qxg2 34. Kb2 Qe4 35. Qc5 Qf5 36. Qc3 f6 37. Nc6 Qd7
38. Na5 Qd6 39. Nc6 Qd7 40. Na5 Bf5 41. Nb3 Bxh3 42. Nc5 Qc8 43. Qd3+ Bf5
44. Qc3 g5 45. Qe3 Kg6 46. Qe2 h3 47. Nxa6 g4 48. Nc5 Kg5 49. Qf2 { Black
forfeits on time } 1-0

[Event "ICC tourney 2532 (25 5)"]
[Site "Internet Chess Club"]
[Date "2021.04.25"]
[Round "5"]
[White "TEITELMAN, AIDEN:K12-15429990"]
[Black "VANDERKOLK, ETHAN:K12-15405072"]
[Result "0-1"]
[ICCResult "White checkmated"]
[WhiteElo "1710"]
[BlackElo "1088"]
[Opening "QGD Slav defense: exchange variation"]
[ECO "D13"]
[NIC "SL.01"]
[Time "11:01:09"]
[PlyCount "120"]
[TimeControl "1500+5"]

1. d4 d5 2. c4 c6 3. cxd5 cxd5 4. Nc3 Nf6 5. Nf3 Bf5 6. Bf4 e6 7. e3 a6 8.
a4 Nc6 9. h3 Nb4 10. Rc1 Rc8 11. Be2 Ne4 12. O-O Nxc3 13. bxc3 Na2 14. Ra1
Nxc3 15. Qd2 Nxe2+ 16. Qxe2 Bb4 17. Rac1 O-O 18. Ne5 Bd6 19. Nxf7 Kxf7 20.
Rxc8 Qxc8 21. Bxd6 Rd8 22. Be5 Qc3 23. Qh5+ Bg6 24. Qg5 Rd7 25. e4 Qc8 26.
exd5 Rxd5 27. Qf4+ Kg8 28. Rc1 Qf8 29. Qxf8+ Kxf8 30. Rc8+ Be8 31. Rb8 b5
32. axb5 Rxb5 33. Ra8 a5 34. Bd6+ Kf7 35. Ra7+ Kg6 36. Be5 Kf5 37. g4+ Ke4
38. Re7 Bc6 39. Rxe6 Bd5 40. Re7 Kf3 41. Bg3 Rb3 42. Re1 a4 43. Kh2 a3 44.
Be5 a2 45. Bg3 Rd3 46. g5 Ra3 47. Ra1 Ke4 48. Be5 g6 49. f4 Kd3 50. Rd1+
Kc2 51. Rg1 a1=Q 52. Rg2+ Kb3 53. Rg3+ Kc4 54. Rg2 Ra2 55. Rxa2 Qxa2+ 56.
Kg3 Qg2+ 57. Kh4 Qf2+ 58. Kg4 Qf3+ 59. Kh4 Qf2+ 60. Kg4 Bf3# { White
checkmated } 0-1